 Dungeon Crawl Stone Soup version 0.23-a0-325-gb46b2e5 (webtiles) character file.

18 BingusPrime the Charlatan (level 2, 21/21 HPs)
             Began as a Robot Artificer on Oct 27, 2018.
             Quit the game on level 1 of the Dungeon.
             The game lasted 00:01:28 (756 turns).

BingusPrime the Charlatan (Robot Artificer)          Turns: 756, Time: 00:01:29

Health: 21/21      AC:  5    Str: 13    XL:     2   Next: 51%
Magic:  4/4        EV: 10    Int: 14    God:
Gold:   19         SH:  2    Dex:  9    Spells: 1/1 levels left

rFire    . . .     SeeInvis .   a - +0 short sword
rCold    . . .     Gourm    .   k - +0 buckler
rNeg     + + +     Faith    .   l - +0 ring mail
rPois    ∞         Spirit   .   (no helmet)
rElec    .         Reflect  .   (no cloak)
rCorr    .         Harm     .   (no gloves)
MR       .....                  (no boots)
Stlth    +.........             (no amulet)
HPRegen  0.07/turn              (no ring)
MPRegen  0.09/turn              (no ring)

@: no status effects
A: fragile equipment, slowed by fire and elec, no food, negative energy
resistance 3, torment resistance, unbreathing, rot immunity
a: no special abilities


You were on level 1 of the Dungeon.
You were not hungry.

You visited 1 branch of the dungeon, and saw 1 of its levels.

You collected 19 gold pieces.

Inventory:

Hand Weapons
 a - a +0 short sword (weapon)
Missiles
 i - 32 bolts
Armour
 k - a +0 buckler (worn)
 l - a +0 ring mail (worn)
Wands
 c - a wand of flame (15)
 d - a wand of enslavement (15)
 e - a wand of random effects (15)
Scrolls
 b - 3 scrolls of immolation {unknown}
 h - 2 scrolls of enchant armour {unknown}
 j - 2 scrolls of teleportation {unknown}
Potions
 f - a potion of degeneration {unknown}
 g - 2 potions of heal wounds {unknown}


   Skills:
 + Level 1.0 Fighting
 + Level 1.2 Short Blades
 + Level 0.2 Armour
 + Level 2.0 Dodging
 + Level 0.8 Stealth
 + Level 4.4 Evocations


You had one spell level left.
You didn't know any spells.
Your spell library was empty.

Dungeon Overview and Level Annotations

Branches:
Dungeon (1/15)

Altars:


Innate Abilities, Weirdness & Mutations

You break items when uninstalling them.
You are sometimes slowed by electricity and fire.
You do not eat.
You are immune to poison.
You are immune to negative energy. (rN+++)
You are immune to unholy pain and torment.
You can survive without breathing.
You are immune to rotting.


Message History

The giant cockroach is severely wounded.
The giant cockroach bites you but does no damage.
You hit the giant cockroach but do no damage.
The giant cockroach is severely wounded.
The giant cockroach barely misses you.
The giant cockroach bites you but does no damage.
You hit the giant cockroach.
You kill the giant cockroach!
No target in view!
You now have 19 gold pieces (gained 5).
You see here a club.
A kobold comes into view.
The kobold shouts!
You hit the kobold.
You kill the kobold!
No target in view!
No target in view!
Done exploring.
Done exploring.
Are you sure you want to abandon this character and quit the game? (Confirm

###..#.##.........# #.#
#.#..#.##.........########.#
..#.....'..................#
#.#.##.##)........##########
#.#....############
#.###################
....................#
#.#################.#
#.)...# #.......@.#.#
#####.# #.#######.#.# # #.#
#.#...# #.#.# # #.#
#.#.#.###.#.# # #.#
#.#.#.....#.# #
#.###.#.#######.# #
#.#.....# #.# # #.#.#.#.#
#.# # #...#.#########.#


There were no monsters in sight!

Vanquished Creatures
  A dart slug (D:1)
  A leopard gecko (D:1)
  3 giant cockroaches (D:1)
  5 goblins (D:1)
  A bat (D:1)
  A frilled lizard (D:1)
  2 kobolds (D:1)
  A rat (D:1)
15 creatures vanquished.

Notes
Turn   | Place    | Note
-------+----------+-------------------------------------------
     0 | D:1      | BingusPrime the Robot Artificer began the quest for the
                  | Orb.
     0 | D:1      | Reached XP level 1. HP: 15/15 MP: 2/2
   143 | D:1      | Reached skill level 4 in Evocations
   374 | D:1      | Reached XP level 2. HP: 17/21 MP: 4/4
   756 | D:1      | Quit the game

Vault maps used:
D:1:      mrwooster_arrival_statue_2

Skill      XL: |  1 |
---------------+----+-----
Evocations     | 4 |  4.4
Fighting       | |  1.0
Short Blades   | |  1.2
Armour         | |  0.2
Dodging        | |  2.0
Stealth        | |  0.8

Action                   || total
-------------------------++-------
Melee: Short sword       ||    49
Armor: Leather armour    ||     5
       Ring mail         ||    12
Dodge: Dodged            ||    29
Block: Buckler           ||     2

Table legend:
 A = Non-vault XP
 B = Vault XP
 C = Vault XP percentage of total XP
 D = Non-vault monster count
 E = Vault monster count
 F = Vault count percentage of total count
                 A         B        C        D         E       F
            +---------+---------+-------+---------+---------+-------
      Total |      27 |       0 |   0.0 |      15 |       0 |   0.0
            +---------+---------+-------+---------+---------+-------
        D:1 |      27 |       0 |   0.0 |      15 |       0 |   0.0
            +---------+---------+-------+---------+---------+-------
